 Dungeon Crawl Stone Soup version 0.19.0-24-gb05acd6 (webtiles) character file.

52465 mmcf the Severer (level 14, -1/140 HPs)
             Began as a Minotaur Berserker on Nov 20, 2016.
             Was a High Priest of Trog.
             Blown up by an orb spider (34 damage)
             ... with an orb of destruction
             ... on level 2 of the Spider Nest.
             The game lasted 00:25:33 (21972 turns).

mmcf the Severer (Minotaur Berserker)              Turns: 21972, Time: 00:25:34

Health: -1/140     AC: 20    Str: 25    XL:     14   Next: 27%
Magic:  13/13      EV: 12    Int:  5    God:    Trog [*****.]
Gold:   368        SH:  0    Dex:  8    Spells: 0 memorised, 13 levels left

rFire  . . .     SeeInvis +     L - +6 battleaxe
rCold  + . .     Gourm    +     N - +3 chain mail {MR+}
rNeg   + . .     Faith    .     (shield currently unavailable)
rPois  .         Spirit   .     (helmet restricted)
rElec  .         Reflect  .     x - +0 cloak
rCorr  .         Harm     .     a - +0 pair of gloves "Kireusse" {rC+ MR- Str+2 Slay+2}
MR     +....                    R - +1 pair of boots of the Eternal Fruit {+Blink rN+ Dex-5 Slay+3}
Stlth  ..........               y - amulet of the gourmand
                                w - +2 ring of slaying
                                Q - ring of see invisible

@: lethally poisoned (-1 -> -9)
A: retaliatory headbutt, horns 2
a: Berserk, Trog's Hand, Brothers in Arms, Burn Spellbooks, Renounce Religion,
Evoke Blink


You were on level 2 of the Spider Nest.
You worshipped Trog.
Trog was extremely pleased with you.
You were not hungry.

You visited 3 branches of the dungeon, and saw 18 of its levels.

You collected 962 gold pieces.
You spent 594 gold pieces at shops.

Inventory:

Hand Weapons
 v - a +1 executioner's axe of electrocution
 L - a +6 battleaxe (weapon)
Missiles
 t - 2 poisoned javelins (quivered)
 I - 6 javelins
Armour
 a - the +0 pair of gloves "Kireusse" (worn) {rC+ MR- Str+2 Slay+2}
   (You acquired it on level 6 of the Lair of Beasts)

   It affects your strength (+2).
   It affects your accuracy and damage with ranged weapons and melee attacks
   (+2).
   It protects you from cold.
   It affects your resistance to hostile enchantments.
 x - a +0 cloak (worn)
 B - a +2 pair of gloves
 N - a +3 chain mail of magic resistance (worn)
 R - the +1 pair of boots of the Eternal Fruit (worn) {+Blink rN+ Dex-5 Slay+3}
   (You found it on level 6 of the Lair of Beasts)

   It affects your dexterity (-5).
   It affects your accuracy and damage with ranged weapons and melee attacks
   (+3).
   It protects you from negative energy.
   It lets you blink.
Jewellery
 q - an uncursed ring of stealth
 w - a +2 ring of slaying (right hand)
 y - an amulet of the gourmand (around neck)
 Q - a ring of see invisible (left hand)
Wands
 f - a wand of disintegration (6/24)
 E - a wand of digging (6/24)
 U - a wand of hasting (9/9)
Scrolls
 d - a scroll of teleportation
 e - a scroll of magic mapping
 g - a scroll of fog
 l - a scroll of remove curse
 C - 6 scrolls of enchant armour
Potions
 b - a potion of cancellation
 h - 6 potions of curing
 j - a potion of berserk rage
 m - 3 potions of flight
 n - a potion of might {unknown}
 o - a potion of heal wounds
 p - a potion of brilliance
 r - a potion of cure mutation {unknown}
 A - 5 potions of agility
 D - a potion of invisibility
 J - 2 potions of ambrosia
 K - a potion of magic {unknown}
Comestibles
 c - 8 bread rations
 u - 5 meat rations


   Skills:
 + Level 17.4 Fighting
 * Level 17.9 Axes
 - Level 10.9 Armour
 - Level 10.0 Dodging


You had 13 spell levels left.
You didn't know any spells.

Dungeon Overview and Level Annotations

Branches:
Dungeon (10/15)            Temple (0/1) D:5            Lair (6/6) D:9
 Shoals (0/4) Lair:3       Spider (2/4) Lair:2        Slime (0/5) Lair:6
    Orc: D:9-12

Altars:
Cheibriados
Dithmenos
Gozag
Okawaru
Ru
Trog
Uskayaw
Xom
Jiyva

Shops:
D:4 }


Innate Abilities, Weirdness & Mutations

You reflexively headbutt those who attack you in melee.
You have a pair of horns on your head.


Message History

An orb spider comes into view.
You feel sick.
The orb spider hisses angrily.
You are no longer corroded.
You feel sick.
The orb spider begins to weave its threads into a brightly glowing ball.
You feel sick.
You feel sick.
You feel sick.
The orb spider weaves a glowing orb of energy.
An orb of destruction comes into view.
A wolf spider comes into view.
You feel sick.
The wolf spider hisses angrily.
A jumping spider comes into view.
You feel sick.
The jumping spider hisses angrily.
There is a stone staircase leading up, spattered with blood here.
You feel sick. The orb of destruction hits you!
You die...

..............##
...............##
................#
.$..%.....§s...#
....s....§....###
.......s.§...##.##
...s.....§...#^..#
.........§.(.......
........†@..........
..........^<.....$...
.....................
.......s.............
#....................
#........###........
#..........#.......
#..........s####.^.
#.$#...........##.s


You could see a wolf spider, 3 orb spiders and a jumping spider.

Vanquished Creatures
  Louise (Spider:2)
  A ghost moth (Spider:1)
  2 entropy weavers (Spider:2)
  5 hydras
  Erica (Lair:1)
  4 death yaks
  Nergalle (Lair:4)
  3 orb spiders
  9 wolf spiders
  The ghost of Endymion the Infuser, a novice SpSk of Uskayaw (D:7)
  An oklob plant (Lair:3)
  6 elephants
  2 black mambas
  Joseph (D:7)
  A torpor snail (Lair:6)
  Psyche (D:9)
  25 spiny frogs
  2 rime drakes
  4 demonic crawlers
  6 komodo dragons
  4 tyrant leeches (Lair:6)
  5 jumping spiders
  A hornet (Lair:2)
  2 polar bears
  Grinder (D:4)
  5 hippogriffs
  9 blink frogs
  8 redbacks
  37 yaks
  A human (D:7)
  4 tarantellas
  2 steam dragons (D:5)
  3 wyverns
  3 hogs (D:7)
  4 vampire mosquitoes (Lair:6)
  11 water moccasins
  5 porcupines
  2 orc warriors
  2 sky beasts
  A black bear (Lair:2)
  A phantom (D:9)
  2 ogres
  A centaur (D:5)
  16 crocodiles
  20 bullfrogs
  8 scorpions
  A water moccasin skeleton (D:10)
  6 killer bees (D:10)
  3 howler monkeys (D:9)
  14 wights
  4 electric eels (Lair:6)
  A centaur zombie (D:9)
  4 crimson imps
  A quasit (D:6)
  7 orc wizards
  A bullfrog skeleton (D:9)
  7 orc priests
  A hound (D:4)
  A jelly (D:5)
  4 iguanas
  8 worker ants
  A hound skeleton (D:9)
  Robin (D:3)
  A worker ant zombie (D:9)
  4 gnolls (D:9)
  A howler monkey skeleton (D:3)
  12 adders
  A shadow imp (D:7)
  3 oozes
  6 worms
  4 dart slugs
  4 leopard geckos
  31 orcs
  5 giant cockroaches
  16 goblins
  14 hobgoblins
  11 kobolds
  4 quokkas
  5 ball pythons
  10 bats
  7 frilled lizards
  A quokka zombie (D:9)
  8 rats
  A bush (Lair:3)
  4 fungi
  3 plants (Lair:6)
456 creatures vanquished.

Vanquished Creatures (others)
  A bush (Lair:6)
  12 fungi
  38 plants
51 creatures vanquished.

Grand Total: 507 creatures vanquished

Notes
Turn   | Place    | Note
-------+----------+-------------------------------------------
     0 | D:1      | mmcf the Minotaur Berserker began the quest for the Orb.
     0 | D:1      | Reached XP level 1. HP: 19/19 MP: 0/0
    26 | D:1      | Reached XP level 2. HP: 4/27 MP: 1/1
   798 | D:1      | Reached ** piety under Trog
   865 | D:1      | Reached XP level 3. HP: 33/34 MP: 2/2
  1448 | D:2      | Reached skill level 5 in Fighting
  1448 | D:2      | Reached XP level 4. HP: 35/42 MP: 3/3
  1560 | D:2      | Found an iron altar of Okawaru.
  2030 | D:3      | Reached skill level 5 in Axes
  2035 | D:3      | Reached XP level 5. HP: 20/50 MP: 4/4
  2254 | D:3      | Noticed Robin
  2274 | D:3      | Killed Robin
  2284 | D:3      | Reached *** piety under Trog
  2810 | D:4      | Reached XP level 6. HP: 48/58 MP: 5/5
  2819 | D:5      | Entered Level 5 of the Dungeon
  3043 | D:4      | Noticed Grinder
  3049 | D:4      | Paralysed by Grinder for 6 turns
  3059 | D:4      | Killed Grinder
  3059 | D:4      | Reached XP level 7. HP: 23/66 MP: 6/6
  3867 | D:5      | Received a gift from Trog
  3973 | D:4      | Reached **** piety under Trog
  4143 | D:4      | Found Xunn's Gadget Emporium.
  4445 | D:5      | Found a staircase to the Ecumenical Temple.
  4452 | D:5      | Reached XP level 8. HP: 77/77 MP: 7/7
  4662 | D:5      | Found a shadowy altar of Dithmenos.
  4715 | D:5      | Found a bloodstained altar of Trog.
  4986 | D:5      | Reached skill level 10 in Fighting
  5385 | D:6      | Reached skill level 10 in Axes
  5430 | D:6      | Found an opulent altar of Gozag.
  5441 | D:6      | Found a snail-covered altar of Cheibriados.
  5442 | D:6      | Found a hide-covered altar of Uskayaw.
  5509 | D:6      | Found a shimmering altar of Xom.
  5643 | D:6      | Found a shadowy altar of Dithmenos.
  6038 | D:6      | Reached XP level 9. HP: 81/86 MP: 8/8
  6180 | D:7      | Noticed Endymion's ghost (novice SpSk)
  6194 | D:7      | Killed Endymion's ghost
  6672 | D:7      | Noticed Joseph
  6682 | D:7      | Killed Joseph
  7486 | D:9      | Noticed Psyche
  7646 | D:8      | Found a sacrificial altar of Ru.
  7693 | D:8      | Reached XP level 10. HP: 96/99 MP: 9/9
  8108 | D:9      | Killed Psyche
  8108 | D:9      | Reached ***** piety under Trog
  8124 | D:10     | Entered Level 10 of the Dungeon
  8509 | D:9      | Found a staircase to the Lair.
  8741 | D:9      | Noticed an elephant
  8752 | D:9      | Killed an elephant
  8921 | D:10     | Received a gift from Trog
  9679 | Lair:1   | Entered Level 1 of the Lair of Beasts
  9679 | Lair:1   | Noticed a five-headed hydra
  9685 | Lair:1   | Killed a six-headed hydra
  9752 | Lair:3   | Noticed a spiny frog
  9755 | Lair:3   | Killed a spiny frog
  9760 | Lair:3   | Reached XP level 11. HP: 59/110 MP: 10/10
 10198 | Lair:1   | Noticed a four-headed hydra
 10207 | Lair:1   | Killed a ten-headed hydra
 10575 | Lair:1   | Noticed Erica
 10591 | Lair:1   | Killed Erica
 11391 | Lair:1   | Reached skill level 5 in Armour
 11736 | Lair:1   | Reached skill level 5 in Dodging
 12307 | Lair:2   | Found a hole to the Spider Nest.
 12317 | Lair:2   | Paralysed by a hornet for 2 turns
 13023 | Lair:3   | Found a staircase to the Shoals.
 13060 | Lair:3   | Reached skill level 15 in Fighting
 13317 | Lair:4   | Noticed a death yak
 13317 | Lair:4   | Noticed a death yak
 13317 | Lair:4   | Noticed a death yak
 13317 | Lair:4   | Noticed a death yak
 13326 | Lair:3   | Killed a death yak
 13326 | Lair:3   | Reached XP level 12. HP: 61/119 MP: 11/11
 13931 | Lair:3   | Reached skill level 15 in Axes
 14393 | D:4      | Bought a wand of hasting (5/9) for 594 gold pieces
 14762 | Lair:4   | Killed a death yak
 14764 | Lair:4   | Killed a death yak
 14765 | Lair:4   | Killed a death yak
 15375 | Lair:4   | Noticed Nergalle
 15389 | Lair:4   | Killed Nergalle
 16720 | Lair:6   | Entered Level 6 of the Lair of Beasts
 16738 | Lair:6   | Noticed an eight-headed hydra
 16750 | Lair:6   | Killed an 11-headed hydra
 16799 | Lair:6   | HP: 6/122 [tyrant leech (22)]
 17413 | Lair:5   | Reached XP level 13. HP: 109/128 MP: 12/12
 18386 | Lair:6   | Reached skill level 10 in Armour
 18440 | Lair:6   | HP: 6/130 [tyrant leech (25)]
 19199 | Lair:6   | Received a gift from Trog
 19290 | Lair:6   | Reached skill level 10 in Dodging
 19376 | Lair:6   | Found a viscous altar of Jiyva.
 19377 | Lair:6   | Found a staircase to the Slime Pits.
 19587 | Lair:6   | Got a pair of bloodstained boots
 19602 | Lair:6   | Identified the +1 pair of boots of the Eternal Fruit {+Blink rN+ Dex-5 Slay+3} (You found it on level 6 of the Lair of Beasts)
 19609 | Lair:6   | Identified a scroll of acquirement
 19610 | Lair:6   | Got a pair of steaming gloves
 19621 | Lair:6   | Identified the +0 pair of gloves "Kireusse" {rC+ MR- Str+2 Slay+2} (You acquired it on level 6 of the Lair of Beasts)
 19714 | Spider:1 | Entered Level 1 of the Spider Nest
 19851 | Spider:1 | Noticed a ghost moth
 19857 | Spider:1 | Killed a ghost moth
 20341 | Spider:2 | Noticed an entropy weaver
 20342 | Spider:2 | Reached XP level 14. HP: 115/140 MP: 13/13
 20364 | Spider:1 | HP: 7/140 [poisoned by a wolf spider]
 20370 | Spider:1 | HP: 4/140 [poisoned by a wolf spider]
 20375 | Spider:1 | HP: 4/140 [poisoned by a wolf spider]
 20382 | Spider:1 | HP: 4/140 [poisoned by a wolf spider]
 20807 | Spider:2 | Killed an entropy weaver
 21332 | Spider:2 | Noticed Louise
 21356 | Spider:2 | Killed Louise
 21359 | Spider:2 | Received a gift from Trog
 21511 | Spider:2 | Noticed an entropy weaver
 21952 | Spider:2 | Killed an entropy weaver
 21972 | Spider:2 | Blown up by an orb spider

Skill      XL: |  1  2  3  4  5  6  7  8  9 10 11 12 13 |
---------------+----------------------------------------+-----
Axes           | 4 5 6 7 8 10 12 13 14 15 17 | 17.9
Fighting       | 4 5 6 7 8 10 12 14 15 17 | 17.4
Armour         | 6 9 10 | 10.9
Dodging        | 6 8 10 | 10.0

Action                   |  1- 3 |  4- 6 |  7- 9 | 10-12 | 13-15 || total
-------------------------+-------+-------+-------+-------+-------++-------
Melee: Hand axe          |    88 |   123 |    59 |       |       ||   270
       Headbutt          |    11 |    22 |    36 |   104 |    60 ||   233
       War axe           |       |       |   140 |   111 |       ||   251
       Battleaxe         |       |       |       |   294 |   265 ||   559
Throw: Javelin           |       |       |       |     3 |     3 ||     6
Invok: Berserk           |     1 |     5 |     6 |     9 |     6 ||    27
       Trog's Hand       |       |     1 |       |     2 |     3 ||     6
       Burn Spellbooks   |       |     1 |     2 |     1 |     1 ||     5
  Use: Scroll            |       |       |     6 |    17 |     4 ||    27
       Potion            |       |       |       |     1 |     1 ||     2
 Stab: Paralysed         |       |       |     1 |       |       ||     1
  Eat: Chunk             |     3 |     9 |    31 |    35 |    15 ||    93
       Meat ration       |       |       |       |       |     1 ||     1
Armor: Animal skin       |     1 |       |       |       |       ||     1
       Chain mail        |    53 |    59 |    25 |   154 |   207 ||   498
       Plate armour      |       |       |    72 |    93 |       ||   165
Dodge: Dodged            |    35 |    42 |    61 |   192 |   202 ||   532
